 Dungeon Crawl Stone Soup version 0.27.1-4-g1640c2035a (webtiles) character file.

Game seed: 8509762985336065930

40 McKennaii the Skirmisher (level 3, -4/29 HPs)
             Began as a Demonspawn Fighter on Nov 11, 2021.
             Slain by Natasha (7 damage)
             ... on level 2 of the Dungeon.
             The game lasted 00:01:07 (1446 turns).

McKennaii the Skirmisher (Demonspawn Fighter)       Turns: 1446, Time: 00:01:08

Health: -4/29      AC:  6    Str: 17    XL:     3   Next: 30%
Magic:  3/3        EV:  7    Int:  9    God:
Gold:   47         SH: 14    Dex: 14    Spells: 2/2 levels left

rFire    . . .     SeeInvis .   a - +0 trident
rCold    . . .     Faith    .   c - +0 kite shield
rNeg     . . .     Spirit   .   b - +0 scale mail
rPois    .         Reflect  +   (no helmet)
rElec    .         Harm     .   (no cloak)
rCorr    .         Rampage  .   (no gloves)
Will     .....                  (no boots)
Stlth    +.........             i - amulet of reflection
HPRegen  0.09/turn              (no ring)
MPRegen  0.08/turn              (no ring)

@: no status effects
A: thin skeletal structure 1
a: no special abilities


You were on level 2 of the Dungeon.
You visited 1 branch of the dungeon, and saw 2 of its levels.

You collected 47 gold pieces.

Inventory:

Hand Weapons
 a - a +0 trident (weapon)
Armour
 b - a +0 scale mail (worn)
 c - a +0 kite shield (worn)
Jewellery
 i - an amulet of reflection (around neck)
Scrolls
 e - 2 scrolls of noise {unknown}
 f - a scroll of torment {unknown}
 g - a scroll of vulnerability {unknown}
 j - a scroll of enchant weapon {unknown}
 k - a scroll of enchant armour {unknown}
 l - a scroll of teleportation {unknown}
Potions
 d - a potion of might
 h - 2 potions of heal wounds {unknown}


   Skills:
 * Level 3.3 Fighting
 + Level 2.3 Polearms
 + Level 3.1 Armour
 + Level 3.0 Shields


You had 2 spell levels left.
You didn't know any spells.
Your spell library contained the following spells:

 Spells                   Type           Power      Damage    Failure   Level
 Blink                    Tloc           N/A        N/A       100%        2
 Manifold Assault         Tloc           0%         N/A       100%        5
 Storm Form               Tmut/Air       0%         N/A       100%        7


Dungeon Overview and Level Annotations

Branches:
Dungeon (2/15)

Altars:

Annotations:
D:2 Natasha


Innate Abilities, Weirdness & Mutations

You have a somewhat thin skeletal structure. (Dex +2, Stealth+)


Message History

Things that are here:
a +0 whip; 4 stones; a kobold corpse A goblin comes into view.
It is wielding a +0 dagger.
The goblin shouts!
You puncture the goblin!
You kill the goblin!
You see here a +0 dagger.
Natasha, Servant of Life and Death comes into view.
She is carrying a wand of flame (18).
Natasha is nearby!
Natasha is nearby!
The helpless Natasha fails to defend herself.
You hit Natasha.
Natasha is lightly wounded.
Natasha claws you.
You completely miss Natasha.
Natasha is lightly wounded.
You block Natasha's attack. x2
You hit Natasha.
Natasha is heavily wounded.
Natasha howls an incantation.
Natasha's front paws start to glow.
Natasha barely misses you.
You hit Natasha.
Natasha is heavily wounded.
Natasha zaps a wand.
The puff of flame hits you! Natasha barely misses you.
You are too injured to fight recklessly!
You are too injured to fight recklessly!
You hit Natasha.
Natasha is almost dead.
Natasha zaps a wand.
The puff of flame hits you.
* * * LOW HITPOINT WARNING * * *
You closely miss Natasha.
Natasha is almost dead.
Natasha stares at you and mumbles some strange words.
The magic dart hits you.
* * * LOW HITPOINT WARNING * * *
You hit Natasha.
Natasha is almost dead.
Natasha claws you!
You die...

# ## ###. #... ### ### ###
## #.#. ###.###.###.###.
#.## # #..#.#.#.#.#.#.#
#.## .###..#.#)#.#.#.#h#
#.## .....###.###.###@#
#.## .#.### ### ### ###
#.## ##.# #.## ##.# #.# .#
##.## ##.######## #.# #.#
.####...# ##.........
###.#####.##......#..
##.########
#......##.##.####...#
##.##########.#.##.##.##.#
##.##
).......^..##.#.##.##.##.#
#.#


You could see Natasha.

Vanquished Creatures
  2 dart slugs
  3 worms (D:2)
  5 ball pythons
  2 endoplasms
  2 goblins
  5 kobolds
  3 quokkas
  A bat (D:1)
  A frilled lizard (D:2)
  3 rats
27 creatures vanquished.

Notes
Turn   | Place    | Note
-------+----------+-------------------------------------------
     0 | D:1      | McKennaii the Demonspawn Fighter began the quest for the
                  | Orb.
     0 | D:1      | Reached XP level 1. HP: 18/18 MP: 1/1
   386 | D:1      | Gained mutation: You have a somewhat thin skeletal
                  | structure. (Dex +2, Stealth+) [demonic ancestry]
   386 | D:1      | Reached XP level 2. HP: 23/24 MP: 2/2
   571 | D:1      | Found a faded altar of an unknown god.
  1136 | D:2      | Reached XP level 3. HP: 29/29 MP: 3/3
  1439 | D:2      | Noticed Natasha
  1446 | D:2      | Slain by Natasha

Illustrated notes

Levels and vault maps discovered:
D:1:      lightli_arrival_noodles, layout_loops_ring,
          ebering_ecumenical_altar_hall, minmay_misc_feat_tower,
          minmay_tetromino_l4
D:2:      layout_loops_ring, grunt_decor_resistance, uniq_natasha

Skill      XL: |  1  2  3 |
---------------+----------+-----
Armour         | 3 |  3.1
Polearms       | 2 |  2.3
Shields        | 3 |  3.0
Fighting       | |  3.3

Action                   || total
-------------------------++-------
Melee: Trident           ||   108
 Stab: Sleeping          ||     1
Armor: Scale mail        ||    29
Dodge: Dodged            ||    24
Block: Kite shield       ||    60
       Reflection        ||     1
